Map: 세라스 폐허

Players

Apocalypse - Winner!

  • Race: Terran Terran

LiquidMaNa (MaNa)

  • Race: Protoss Protoss

Event: Gauntlet LotV Series 1 Qualifier 1

VOD

Have the link to the VOD?

Description

Time

  • Played on: Nov. 22, 2015, 3:53 p.m.
  • Length: 13:41

All games in this series

Show
View Real Time Build Order
Export as new Build Order

Apocalypse Terran - Winner!

Build Orders: 1/1/1, Cyclone Opening 

Get SALT Encoding   

  12  0:01  SCV  
  13  0:13  SCV  
  14  0:18  Supply Depot  
  14  0:25  SCV  
  15  0:34  Refinery  
  15  0:39  SCV  
  16  0:45  Barracks  
  16  0:52  SCV  
  17  1:04  SCV  
  18  1:16  SCV  
  19  1:21  Refinery  
  19  1:32  Marine, Orbital Command  
  19  1:36  Factory  
  20  1:43  Supply Depot  
  20  1:50  Marine  
  21  1:57  SCV  
  22  2:09  SCV  
  22  2:13  Barracks Reactor  
  23  2:19  Starport  
  23  2:20  Factory Tech Lab  
  23  2:22  SCV  
  24  2:34  SCV  
  25  2:41  Supply Depot, Cyclone  
  28  2:47  SCV  
  28  2:51  Marine x2  
  31  3:03  SCV, Medivac  
  33  3:15  SCV  
  34  3:27  SCV  
  34  3:31  Command Center  
  35  3:39  Cloaking Field  
  35  3:42  Banshee  
  38  3:51  SCV  
  39  3:56  Supply Depot  
  39  3:58  Factory Tech Lab  
  39  4:08  Engineering Bay  
  39  4:16  Supply Depot  
  39  4:17  SCV, Marine x2  
  42  4:24  Banshee  
  45  4:37  Marine x2  
  45  4:38  Cyclone  
  50  4:42  SCV  
  51  4:54  Marine  
  51  4:57  Terran Infantry Weapons Level 1  
  52  5:00  Barracks  
  52  5:01  Barracks  
  52  5:03  Orbital Command  
  51  5:20  Banshee  
  54  5:22  Marine  
  48  5:30  Marine  
  48  5:34  SCV  
  49  5:38  Siege Tank  
  49  5:41  SCV  
  53  5:47  SCV  
  53  5:48  Barracks Tech Lab  
  53  5:49  Marine x2  
  56  5:53  SCV  
  54  5:57  Bunker, Marine  
  54  5:59  SCV  
  56  6:05  SCV  
  56  6:06  Marine  
  56  6:07  Marine  
  56  6:10  Siege Tank  
  56  6:11  SCV  
  63  6:17  SCV  
  64  6:21  Barracks Tech Lab  
  64  6:22  Starport Reactor  
  64  6:23  SCV  
  65  6:30  Marine  
  66  6:38  Marine  
  66  6:39  SCV, Marauder  
  70  6:41  Refinery  
  70  6:42  Supply Depot x2  
  70  6:58  Missile Turret  
  70  7:00  Combat Shields  
  70  7:03  Marine x3  
  70  7:04  SCV x2, Marauder  
  73  7:24  Marine x2  
  73  7:25  Marauder x2  
  73  7:26  Starport Reactor  
  77  7:42  Marine  
  78  7:45  SCV  
  78  7:46  SCV  
  80  7:52  Barracks  
  80  7:53  Barracks  
  80  7:56  Supply Depot, Stimpack, Marauder  
  80  7:58  Command Center, SCV x2  
  84  8:01  Missile Turret  
  84  8:07  Terran Infantry Armor Level 1  
  84  8:09  Marauder  
  86  8:17  Medivac, Marine x2  
  86  8:18  Medivac  
  86  8:19  SCV  
  93  8:21  Concussive Shells  
  93  8:30  Marine  
  93  8:31  Factory Reactor  
  94  8:40  Barracks Reactor  
  94  8:41  Barracks Tech Lab  
  94  8:44  Refinery  
  94  9:04  SCV, Marauder  
  94  9:10  Marauder x2, Medivac, Marine x2  
  94  9:16  Orbital Command  
  100  9:17  Supply Depot  
  100  9:18  Marine x2  
  100  9:21  Widow Mine x2  
  106  9:26  Marauder  
  106  9:28  Marine  
  109  9:38  Medivac, Marine x4  
  109  9:39  Marauder  
  117  9:46  Supply Depot x2  
  117  9:52  Orbital Command  
  117  9:59  Armory  
  117  10:03  Engineering Bay  
  117  10:07  SCV, Marine x2  
  117  10:08  Marauder, Medivac x2  
  117  10:11  Marine  
  124  10:18  Marine x2  
  124  10:19  Marauder  
  124  10:20  SCV x3  
  122  10:30  Marine  
  122  10:31  Marauder  
  122  10:34  Marine x2  
  122  10:35  Widow Mine  
  129  10:36  Marauder  
  129  10:37  Medivac  
  129  10:41  Medivac  
  132  10:43  Marine  
  132  10:46  Marine  
  132  10:53  Marine  
  132  10:55  Liberator  
  133  10:57  Marine  
  133  11:10  Marauder  
  132  11:11  Medivac  
  132  11:16  Marine  
  125  11:21  Marine x2  
  125  11:25  Marauder, Orbital Command, Marine  
  125  11:27  Marauder, Widow Mine  
  125  11:28  Widow Mine  
  125  11:31  Marine  
  121  11:34  Marine  
  122  11:53  Orbital Command  
  111  12:17  Marine x2  
  111  12:18  Marine  
  109  12:24  SCV x2  
  109  12:25  SCV  
  109  12:26  Marine x2  
  109  12:27  Widow Mine x2, Marauder  
  120  12:33  Supply Depot x2  
  120  12:36  SCV  
  121  12:37  Liberator x2  
  121  12:38  Marine  
  121  12:39  SCV  
  121  12:43  SCV  
  124  12:45  Marine  
  125  12:51  Refinery  
  125  12:52  Refinery  
  125  12:54  SCV, Marine  
  125  12:55  Marauder  
  125  12:57  Supply Depot, SCV  
  125  12:58  SCV  
  137  13:02  Marauder, Marine  
  140  13:06  SCV  
  141  13:16  Barracks  
  141  13:17  Barracks  
  141  13:18  Barracks  
  141  13:20  Missile Turret  
  141  13:24  Missile Turret  
  148  13:39  Supply Depot  
  142  13:41  Supply Depot  
Show
View Real Time Build Order
Export as new Build Order

LiquidMaNa Protoss 

Build Orders: 1 Gate Expand, Blink Stalkers 

Get SALT Encoding   

  12  0:02  Probe (Chrono Boost)  
  13  0:13  Probe (Chrono Boost)  
  14  0:20  Pylon  
  14  0:23  Probe (Chrono Boost)  
  15  0:38  Probe (Chrono Boost)  
  15  0:40  Gateway  
  16  0:49  Probe (Chrono Boost)  
  17  1:09  Nexus  
  17  1:12  Probe (Chrono Boost)  
  17  1:17  Assimilator  
  18  1:23  Probe (Chrono Boost)  
  19  1:31  Cybernetics Core  
  19  1:34  Probe (Chrono Boost)  
  19  1:39  Assimilator  
  20  1:45  Probe (Chrono Boost)  
  21  1:51  Pylon  
  21  1:55  Probe (Chrono Boost)  
  21  2:06  Probe (Chrono Boost)  
  22  2:09  Stalker  
  24  2:21  Mothership Core (Chrono Boost), Probe (Chrono Boost)  
  24  2:22  Warp Gate  
  27  2:32  Probe (Chrono Boost)  
  28  2:39  Probe (Chrono Boost)  
  28  2:42  Probe (Chrono Boost)  
  30  2:47  Twilight Council  
  30  2:50  Probe (Chrono Boost)  
  31  2:53  Probe (Chrono Boost)  
  31  2:55  Assimilator  
  32  3:01  Probe (Chrono Boost)  
  32  3:03  Stalker (Chrono Boost)  
  32  3:04  Probe (Chrono Boost)  
  36  3:13  Gateway  
  36  3:19  Blink (Chrono Boost)  
  36  3:22  Gateway  
  36  3:35  Stalker (Chrono Boost)  
  38  3:43  Probe x2, Pylon  
  39  3:59  Robotics Facility  
  39  4:03  Probe x2  
  40  4:25  Stalker  
  40  4:26  Stalker  
  40  4:29  Stalker  
  40  4:30  Probe (Chrono Boost)  
  47  4:32  Probe (Chrono Boost)  
  44  4:44  Probe (Chrono Boost)  
  46  4:46  Probe (Chrono Boost)  
  46  4:47  Observer (Chrono Boost)  
  46  4:49  Pylon  
  44  4:55  Probe (Chrono Boost)  
  44  4:57  Probe (Chrono Boost)  
  46  5:06  Probe  
  47  5:08  Probe  
  47  5:09  Observer (Chrono Boost)  
  47  5:13  Stalker  
  49  5:20  Stalker  
  51  5:25  Probe  
  51  5:31  Stalker  
  49  5:36  Probe  
  49  5:37  Probe  
  51  5:45  Observer (Chrono Boost)  
  51  5:49  Probe x2 (Chrono Boost)  
  52  5:57  Stalker  
  52  6:01  Probe x2 (Chrono Boost)  
  56  6:12  Probe x2 (Chrono Boost)  
  57  6:22  Probe (Chrono Boost)  
  57  6:23  Probe (Chrono Boost)  
  59  6:29  Stalker  
  62  6:33  Probe (Chrono Boost), Pylon  
  62  6:34  Assimilator  
  62  6:35  Pylon  
  62  6:41  Resonating Glaives (Chrono Boost)  
  62  6:50  Probe (Chrono Boost)  
  62  6:51  Probe (Chrono Boost)  
  64  6:57  Pylon  
  64  7:00  Probe  
  64  7:02  Sentry x2, Gateway  
  64  7:03  Sentry, Probe  
  72  7:11  Probe  
  72  7:15  Probe  
  74  7:20  Immortal (Chrono Boost)  
  74  7:21  Probe  
  78  7:27  Probe  
  80  7:32  Probe  
  79  7:39  Probe  
  79  7:44  Probe  
  79  7:46  Gateway  
  79  7:49  Gateway  
  80  7:51  Probe  
  80  7:56  Probe  
  80  7:57  Observer (Chrono Boost)  
  83  8:03  Nexus, Pylon  
  83  8:07  Pylon  
  83  8:08  Pylon  
  83  8:12  Probe x2  
  85  8:17  Pylon  
  85  8:22  Immortal (Chrono Boost)  
  89  8:29  Templar Archives  
  88  8:38  Probe  
  88  8:40  Stalker x2  
  89  8:44  Stalker  
  89  8:46  Stalker  
  93  8:54  Probe x2, Charge  
  93  9:06  Probe x2  
  93  9:08  High Templar x3  
  99  9:18  Probe x2  
  99  9:19  High Templar  
  103  9:26  Archon  
  103  9:28  Archon  
  103  9:29  Immortal (Chrono Boost)  
  103  9:30  Probe  
  107  9:40  Adept  
  107  9:41  Adept x4  
  117  9:52  Adept  
  119  9:56  Assimilator  
  119  9:58  Gateway  
  119  10:01  Adept  
  119  10:02  Adept x3  
  119  10:03  Adept, Observer (Chrono Boost)  
  130  10:14  Probe x2  
  114  10:51  Pylon  
  114  10:54  Pylon  
  114  10:58  Pylon  
  89  11:44  Pylon  
  89  11:46  Pylon  
  86  11:50  Pylon  
  86  11:55  Pylon  
  86  12:05  Zealot x2  
  86  12:07  Dark Shrine  
  90  12:11  Nexus  
  84  12:17  Probe  
  84  12:21  Gateway  
  85  12:23  Gateway  
  85  12:25  Gateway  
  85  12:27  Probe  
  85  12:29  Zealot x2  
  90  12:31  Cybernetics Core  
  90  12:38  Probe  
  90  12:39  Pylon  
  91  12:48  Probe  
  92  13:01  Probe  
  92  13:03  Nexus  
  93  13:12  Stalker x2, Probe  
  98  13:21  Pylon  
  85  13:27  Probe x2  
Tags
 
Add a new tag
Caveats
  • Supply blocks, unpowered buildings, or Contaminate may cause inaccurate times.
  • Supply counts are checked every 10 seconds.